 Dungeon Crawl Stone Soup version 0.18-b1-18-g7758cf2 (webtiles) character file.

6022 Ijustatesigmund the Grappler (level 10, 0/100 HPs)
             Began as a Troll Hunter on May 2, 2016.
             Was an Elder of Okawaru.
             Slain by a gargoyle
             ... wielding a cursed +0 mace
              (24 damage)
             ... on level 9 of the Dungeon.
             The game lasted 00:15:26 (6341 turns).

Ijustatesigmund the Grappler (Troll Hunter)         Turns: 6341, Time: 00:15:28

Health: 0/100      AC:  7    Str: 22    XL:     10   Next: 56%
Magic:  13/13      EV: 12    Int:  7    God:    Okawaru [****..]
Gold:   515        SH:  0    Dex: 13    Spells: 0 memorised, 9 levels left

rFire  . . .     SeeInvis .       - Unarmed
rCold  . . .     Gourm    +     b - +0 robe
rNeg   . . .     Faith    .     (no shield)
rPois  .         Spirit   .     (helmet restricted)
rElec  .         Dismiss  .     e - +1 cloak
rCorr  .         Reflect  .     (gloves unavailable)
SustAt .         Harm     .     (boots unavailable)
MR     .....                    (no amulet)
Stlth  +.........               (no ring)
                                h - ring of flight

@: studying Fighting, not resistant to hostile enchantments, very unstealthy
A: unfitting armour, claws 3, fast metabolism 3, gourmand, regeneration 2,
shaggy fur 1, tough skin 2
a: Heroism, Renounce Religion, Evoke Flight


You were on level 9 of the Dungeon.
You worshipped Okawaru.
Okawaru was greatly pleased with you.
You were very full.

You visited 1 branch of the dungeon, and saw 9 of its levels.

You collected 515 gold pieces.

Inventory:

Missiles
 c - 5 large rocks (quivered)
 d - 3 throwing nets
Armour
 b - a +0 robe (worn)
 e - a +1 cloak (worn)
Jewellery
 h - a ring of flight (left claw)
Wands
 n - a wand of acid (4/15)
 w - a wand of enslavement (19/24)
Scrolls
 j - 7 scrolls of remove curse
 o - a scroll of amnesia
 s - a scroll of fog
 x - a scroll of enchant weapon {unknown}
Potions
 g - a potion of might {unknown}
 i - a potion of lignification {unknown}
 k - a potion of curing
 m - a potion of mutation {unknown}
 p - 2 potions of heal wounds
 r - a potion of cure mutation {unknown}
 u - 2 potions of ambrosia {unknown}
Books
 q - a book of Clouds

   Spells                             Type                      Level
   a - Mephitic Cloud                 Conjuration/Poison/Air       3
   b - Conjure Flame                  Conjuration/Fire             3
   c - Poisonous Cloud                Conjuration/Poison/Air       6
   d - Freezing Cloud                 Conjuration/Ice/Air          6
   e - Ring of Flames                 Charms/Fire                  7
 t - a book of the Dragon

   Spells                             Type                      Level
   a - Flame Tongue                   Conjuration/Fire             1
   b - Cause Fear                     Hexes                        4
   c - Bolt of Fire                   Conjuration/Fire             6
   d - Dragon Form                    Transmutation                7
   e - Dragon's Call                  Summoning                    9
 v - a manual of Fighting
Comestibles
 a - a slice of pizza
 f - 5 bread rations
 l - 6 meat rations


   Skills:
 + Level 6.8 Fighting
 - Level 3.6 Throwing
 - Level 4.8 Dodging
 - Level 0.4 Stealth
 - Level 11.0 Unarmed Combat
 - Level 5.3 Invocations


You had 9 spell levels left.
You didn't know any spells.

Dungeon Overview and Level Annotations

Branches:
Dungeon (9/15)             Temple (0/1) D:4             Orc (0/2) D:9
   Lair: D:8-11

Altars:
Elyvilon
Nemelex Xobeh
Okawaru
Pakellas
Qazlal
Sif Muna
Yredelemnul
Zin
The Shining One

Shops:
D:4 =   D:7 =*   D:9 [


Innate Abilities, Weirdness & Mutations

You are too large for most types of armour.
You have claws for hands.
Your metabolism is lightning-fast.
You like to eat raw meat.
You heal very quickly.
You are covered in fur (AC +1).
You have very tough skin (AC +2).


Message History

You scratch the gargoyle but do no damage.
The gargoyle barely misses you. The ogre hits you with a giant club!
A jackal comes into view.
The jackal barks!
You scratch the gargoyle but do no damage.
The jackal barely misses you. The gargoyle hits you with a mace!
You claw the gargoyle!
The gargoyle is moderately damaged.
The ogre hits you with a giant club! The jackal completely misses you.
You scratch the gargoyle but do no damage.
The gargoyle is moderately damaged.
The gargoyle hits you but does no damage.
The jackal misses you.
You claw the gargoyle!
The gargoyle is severely damaged.
The ogre hits you with a giant club!
* * * LOW HITPOINT WARNING * * *
The jackal bites you but does no damage.
The gargoyle hits you with a mace!!
You die...

. .# .## .#
#.##.###
..#.... ##.#..#
######..h..###.
.......9h.h....
#)@O# ##.## #.#
#.# #.#
#.########.# #.
.# ...........#
.### .#
#.######..##
..# .#
.######.<# ##
#.## .#


You could see a gargoyle, an ogre and 3 jackals.

Vanquished Creatures
  The ghost of SkaryMonk the Covert, a novice OpAs of Dithmenos (D:7)
  The ghost of Zhenya25pyc the Cudgeler, a novice GrFi (D:6)
  Grinder (D:4)
  The ghost of skk the Shield-Bearer, an amateur DsFi (D:4)
  2 wraiths (D:8)
  A hippogriff (D:7)
  Menkaure (D:7)
  A mottled dragon (D:8)
  A water moccasin (D:8)
  Duvessa (D:7)
  An ice beast (D:9)
  An orc warrior (D:9)
  2 sky beasts
  2 necrophages (D:8)
  5 ogres
  4 phantoms
  5 centaurs
  An elf zombie (D:8)
  A big kobold (D:8)
  4 giant frogs
  Dowan (D:7)
  3 scorpions
  9 wights
  3 crimson imps (D:5)
  4 human zombies (D:8)
  3 orc priests
  3 centaur skeletons
  2 hounds
  2 giant frog skeletons
  2 human skeletons (D:8)
  3 iguanas
  9 orc wizards
  4 worker ants
  A hound skeleton (D:5)
  2 mummies (D:8)
  A worker ant zombie (D:6)
  9 adders
  4 shadow imps
  An ooze (D:3)
  An adder skeleton (D:5)
  3 worms
  A dart slug (D:3)
  5 giant geckos
  32 orcs
  7 bats
  3 giant cockroaches
  5 goblins
  5 hobgoblins
  6 jackals
  3 quokkas
  A ball python (D:3)
  A giant gecko skeleton (D:8)
  4 giant newts
  A jackal zombie (D:5)
  12 kobolds
  A quokka skeleton (D:5)
  3 rats
197 creatures vanquished.

Notes
Turn   | Place    | Note
--------------------------------------------------------------
     0 | D:1      | Ijustatesigmund the Troll Hunter began the quest for the Orb.
     0 | D:1      | Reached XP level 1. HP: 19/19 MP: 0/0
    91 | D:1      | Reached skill level 1 in Unarmed Combat
   392 | D:1      | Reached XP level 2. HP: 28/28 MP: 1/1
   920 | D:2      | Reached skill level 2 in Unarmed Combat
   920 | D:2      | Reached XP level 3. HP: 28/35 MP: 2/2
  1099 | D:2      | Reached XP level 4. HP: 40/44 MP: 3/3
  1244 | D:2      | Reached skill level 3 in Unarmed Combat
  1796 | D:3      | Noticed an ogre
  1806 | D:3      | HP: 2/44 [ogre/giant club (12)]
  1809 | D:3      | Killed an ogre
  1809 | D:3      | Reached skill level 4 in Unarmed Combat
  1809 | D:3      | Reached XP level 5. HP: 29/52 MP: 4/4
  1858 | D:3      | Noticed a centaur
  1877 | D:3      | Killed a centaur
  2146 | D:3      | Reached XP level 6. HP: 61/61 MP: 5/5
  2350 | D:4      | Noticed skk's ghost (amateur DsFi)
  2567 | D:4      | Reached skill level 5 in Unarmed Combat
  2581 | D:5      | Entered Level 5 of the Dungeon
  2662 | D:5      | Reached skill level 6 in Unarmed Combat
  2662 | D:5      | Reached XP level 7. HP: 57/68 MP: 6/6
  2933 | D:5      | Found an iron altar of Okawaru.
  2971 | D:5      | Became a worshipper of Warmaster Okawaru
  3158 | D:6      | Reached skill level 1 in Invocations
  3218 | D:6      | Reached XP level 8. HP: 61/78 MP: 9/9
  3335 | D:6      | Noticed Zhenya25pyc's ghost (novice GrFi)
  3379 | D:4      | Noticed Grinder
  3385 | D:4      | Killed Grinder
  3385 | D:4      | Reached * piety under Okawaru
  3385 | D:4      | Reached skill level 5 in Invocations
  3386 | D:4      | Found a staircase to the Ecumenical Temple.
  3523 | D:4      | Killed skk's ghost
  3523 | D:4      | Reached skill level 7 in Unarmed Combat
  3875 | D:4      | Found Limnups's Jewellery Boutique.
  3880 | D:4      | Reached skill level 5 in Fighting
  3880 | D:4      | Reached skill level 8 in Unarmed Combat
  4206 | D:6      | Killed Zhenya25pyc's ghost
  4206 | D:6      | Reached ** piety under Okawaru
  4206 | D:6      | Reached XP level 9. HP: 62/88 MP: 9/12
  4471 | D:7      | Noticed SkaryMonk's ghost (novice OpAs)
  4484 | D:7      | Killed SkaryMonk's ghost
  4484 | D:7      | Reached *** piety under Okawaru
  4484 | D:7      | Reached skill level 9 in Unarmed Combat
  4659 | D:7      | Noticed Menkaure
  4660 | D:7      | Killed Menkaure
  4660 | D:7      | Reached skill level 10 in Unarmed Combat
  4702 | D:7      | Found Zin's Purification Station.
  4710 | D:7      | Found a glowing silver altar of Zin.
  4759 | D:7      | Found an oddly glowing altar of Pakellas.
  4760 | D:7      | Found an iron altar of Okawaru.
  4784 | D:7      | Found Fuugih's Jewellery Boutique.
  4858 | D:7      | Noticed Dowan
  4861 | D:7      | Noticed Duvessa
  4863 | D:7      | Killed Dowan
  4865 | D:7      | Killed Duvessa
  5066 | D:8      | Reached XP level 10. HP: 44/100 MP: 13/13
  5417 | D:8      | Reached **** piety under Okawaru
  5450 | D:8      | Reached skill level 11 in Unarmed Combat
  5638 | D:8      | Found a sparkling altar of Nemelex Xobeh.
  5638 | D:8      | Found a glowing golden altar of the Shining One.
  5639 | D:8      | Found a stormy altar of Qazlal.
  5639 | D:8      | Found a deep blue altar of Sif Muna.
  5640 | D:8      | Found a white marble altar of Elyvilon.
  5706 | D:8      | Found a basalt altar of Yredelemnul.
  5716 | D:8      | Received a gift from Okawaru
  5917 | D:9      | Found Faxiro's Armour Boutique.
  6083 | D:9      | Found a staircase to the Orcish Mines.
  6241 | D:9      | Identified a scroll of acquirement
  6326 | D:9      | Noticed a gargoyle
  6341 | D:9      | Slain by a gargoyle

Skill      XL: |  1  2  3  4  5  6  7  8  9 10 |
---------------+-------------------------------+-----
Unarmed Combat | 1 2 4 6 8 10 11 | 11.0
Fighting       | 2 3 4 5 6 |  6.8
Invocations    | 3 5 |  5.3
Dodging        | 4 |  4.8
Throwing       | |  3.6
Stealth        | |  0.4

Action                   |  1- 3 |  4- 6 |  7- 9 | 10-12 || total
-------------------------+-------+-------+-------+-------++-------
Melee: Unarmed           |    69 |   178 |   277 |   192 ||   716
       Punch             |       |     2 |    14 |    15 ||    31
Throw: Large rock        |       |       |    16 |     1 ||    17
Invok: Heroism           |       |       |     5 |     1 ||     6
  Use: Scroll            |     3 |     5 |       |     4 ||    12
       Potion            |       |     5 |     1 |       ||     6
 Stab: Sleeping          |     1 |     1 |       |     1 ||     3
  Eat: Chunk             |     8 |    22 |    18 |    13 ||    61
       Royal jelly       |       |       |       |     1 ||     1
       Fruit             |       |       |       |     1 ||     1
Armor: Robe              |    41 |    78 |    84 |    30 ||   233
Dodge: Dodged            |    48 |    89 |   115 |    84 ||   336
